 Dungeon Crawl Stone Soup version 0.30-a0-605-gb2882149bf (webtiles) character file.

Game seed: 4259759460450149841

18200 karrick the Nimble (level 12, -19/95 HPs)
             Began as a Gnoll Gladiator on Jan 7, 2023.
             Was a High Priest of Okawaru.
             Killed from afar by an ironbound frostheart (26 damage)
             ... by creeping frost
             ... in an ice cave.
             The game lasted 00:31:57 (11851 turns).

karrick the Nimble (Gnoll Gladiator)               Turns: 11851, Time: 00:31:58

Health: -19/95     AC: 14    Str: 20    XL:     12   Next: 56%
Magic:  21/23      EV: 27    Int:  8    God:    Okawaru [*****.]
Gold:   859        SH:  0    Dex: 28    Spells: 26/26 levels left

rFire   . . .      SeeInvis +    K - +10 great sword of the Vendetta {heavy, rElec Str+4}
rCold   . . .      Faith    .    (shield currently unavailable)
rNeg    . . .      Spirit   .    b - +0 troll leather armour
rPois   +          Reflect  .    c - +2 helmet
rElec   +          Harm     .    Y - +0 cloak {rPois}
rCorr   .          Rampage  .    N - +0 pair of gloves
Will    .....                    M - +0 pair of boots
Stlth   +++++++                  W - amulet "Pijuarch" {Regen+ SInv Stlth+}
HPRegen 1.95/turn                w - +6 ring of dexterity
MPRegen 0.18/turn                x - +6 ring of dexterity

@: heroic, frozen, very slow
A: fangs 1, strong nose, distributed training
a: Renounce Religion, Heroism, Finesse, Duel


You were in an ice cave.
You worshipped Okawaru.
Okawaru was extremely pleased with you.
You visited 2 branches of the dungeon, and saw 14 of its levels.
You also visited: Ossuary, Gauntlet and Ice Cave.

You collected 1089 gold pieces.
You spent 230 gold pieces at shops.

Inventory:

Hand Weapons
 l - the +16 obsidian axe {drain, Mesm Drain Fly SInv}
   (You found it in a Gauntlet)

   It occasionally summons demons to assist the wielder when it strikes in
   combat.
   Its wielder is mesmerised by any visible foes.
   It cannot be unequipped while any foes are visible.
   SInv:      It lets you see invisible.
   Fly:       It grants you flight.
   Drain:     It drains your maximum health when unequipped.
 u - a +0 war axe of electrocution
 K - the +10 great sword of the Vendetta (weapon) {heavy, rElec Str+4}
   (You bought it in a shop on level 4 of the Dungeon)

   Str:       It affects your strength (+4).
   rElec:     It insulates you from electricity.
 V - a +4 scimitar of flaming
Missiles
 e - 4 javelins (quivered)
Armour
 b - a +0 troll leather armour (worn)
 c - a +2 helmet (worn)
 L - a +2 chain mail of cold resistance
 M - a +0 pair of boots (worn)
 N - a +0 pair of gloves (worn)
 R - the +1 leather armour of the Wheelwright {rC+++ Int-2 Stlth+}
   (You found it on level 8 of the Dungeon)

   Int:       It affects your intelligence (-2).
   rC:        It renders you almost immune to cold.
   Stlth:     It makes you more stealthy.
 Y - a +0 cloak of poison resistance (worn)
Jewellery
 t - a ring of poison resistance
 w - a +6 ring of dexterity (left hand)
 x - a +6 ring of dexterity (right hand)
 y - a ring of see invisible
 I - a ring of fire
 J - a ring of resist corrosion
 O - a +4 ring of protection
 T - a ring of protection from cold
 U - an amulet of guardian spirit
 W - the amulet "Pijuarch" (around neck) {Regen+ SInv Stlth+}
   (You found it in a Gauntlet)

   [amulet of regeneration]

   SInv:      It lets you see invisible.
   Regen:     It increases your rate of health regeneration.
   Stlth:     It makes you more stealthy.
 Z - a ring of willpower
Wands
 d - a wand of roots (13)
 X - a wand of paralysis (19)
Scrolls
 f - 5 scrolls of vulnerability
 i - 2 scrolls of silence
 k - 3 scrolls of enchant armour
 s - a scroll of teleportation
 z - 2 scrolls of fog
 A - 3 scrolls of poison
 B - 2 scrolls of magic mapping
 D - a scroll of acquirement {unknown}
 F - a scroll of identify
 H - 5 scrolls of enchant weapon
 Q - a scroll of brand weapon {unknown}
 S - 3 scrolls of immolation {unknown}
Potions
 a - a potion of cancellation {unknown}
 g - 2 potions of might {unknown}
 h - 2 potions of berserk rage {unknown}
 j - 4 potions of lignification {unknown}
 m - a potion of magic {unknown}
 n - 5 potions of heal wounds
 o - 4 potions of ambrosia {unknown}
 p - 2 potions of haste {unknown}
 q - a potion of attraction {unknown}
 r - 2 potions of resistance {unknown}
 v - a potion of degeneration {unknown}
 C - a potion of curing
 E - 3 potions of brilliance {unknown}
 G - 3 potions of mutation {unknown}
 P - 2 potions of flight {unknown}


   Skills:
 + Level 9.0(14.0) Fighting
 + Level 7.7(12.7) Short Blades
 + Level 7.7(12.7) Long Blades
 + Level 10.1(15.1) Axes
 + Level 7.7(12.7) Maces & Flails
 + Level 7.7(12.7) Polearms
 + Level 7.7(12.7) Staves
 + Level 7.7(12.7) Ranged Weapons
 + Level 9.0(14.0) Throwing
 + Level 7.7(12.7) Armour
 + Level 10.1(15.1) Dodging
 + Level 7.7(12.7) Stealth
 + Level 7.7(12.7) Shields
 + Level 7.7(12.7) Unarmed Combat
 + Level 7.7 Spellcasting
 + Level 6.3 Conjurations
 + Level 6.3 Hexes
 + Level 6.3 Summonings
 + Level 6.3 Necromancy
 + Level 6.3 Translocations
 + Level 6.3 Transmutations
 + Level 6.3 Fire Magic
 + Level 6.3 Ice Magic
 + Level 6.3 Air Magic
 + Level 6.3 Earth Magic
 + Level 6.3 Poison Magic
 + Level 8.4 Invocations
 + Level 7.7 Evocations


You had 26 spell levels left.
You didn't know any spells.
Your spell library contained the following spells:

 Spells                   Type           Power      Damage    Failure   Level
 Magic Dart               Conj           52%        1d5       1%          1
 Cigotuvi's Dreadful Rot  Necr/Pois/Air  26%        N/A       2%          2
 Ensorcelled Hibernation  Hex/Ice        26%        N/A       2%          2
 Passwall                 Tmut/Erth      10%        N/A       2%          2
 Mephitic Cloud           Conj/Pois/Air  13%        N/A       4%          3
 Stone Arrow              Conj/Erth      26%        3d8       4%          3
 Swiftness                Air            13%        N/A       4%          3
 Vhi's Electric Charge    Tloc/Air       26%        N/A       4%          3
 Dispel Undead            Necr           13%        3d9       16%         4
 Arcjolt                  Conj/Air       6%         1d16      41%         5
 Lehudib's Crystal Spear  Conj/Erth      6%         10d3      100%        8
 Maxwell's Capacitive Co  Air            6%         ∞         100%        8
 Call Imp                 Summ           Unusable   N/A       N/A         2
 Animate Armour           Summ/Erth      Unusable   N/A       N/A         4
 Death Channel            Necr           Unusable   N/A       N/A         6

Dungeon Overview and Level Annotations

Branches:
Dungeon (13/15)            Temple (1/1) D:7            Lair (0/5) D:9
    Orc (0/2) D:10        Ossuary (visited)           IceCv (1/1)
Gauntlet (visited)
 Vaults: D:13-14

Altars:
Ashenzari
Cheibriados
Dithmenos
Elyvilon
Fedhas
Gozag
Hepliaklqana
Kikubaaqudgha
Makhleb
Nemelex Xobeh
Okawaru
Qazlal
Ru
Sif Muna
Trog
Uskayaw
Vehumet
Wu Jian
Xom
Yredelemnul
Zin
The Shining One

Shops:
D:4 (

Portals:
Trove: D:11 (give horn of Geryon)

Annotations:
D:5 2 transporters, CraigOfTheCreek's ghost, amateur GnRe


Innate Abilities, Weirdness & Mutations

You have very sharp teeth.
Your uncanny sense of smell can sniff out nearby items.
Your experience applies equally to all skills.


Message History

Found 10 gold pieces and a steaming rapier.
The death yak bellows!
The ironbound frostheart shouts! x2
The polar bear growls angrily.
You hear a bellow!
The yak bellows!
The death yak bellows!
A yak comes into view.
Okay, then.
You slice the death yak!!
The death yak is moderately wounded.
You hear a bellow!
The death yak misses you. The death yak gores you.
You barely miss the death yak.
The death yak is moderately wounded.
The death yak gores you!
The ironbound frostheart calls freezing cold from the walls.
The frost grips you.
You are encased in ice.
The death yak gores you.
You hear a bellow! x2
You gain the combat prowess of a mighty hero.
You hear a howl!
The ironbound frostheart calls freezing cold from the walls.
The frost grips you!! The death yak closely misses you.
You open the death yak like a pillowcase!!!
The death yak is almost dead.
You hear a bellow!
The death yak misses you.
You slice the death yak like a ripe choko!!!
You kill the death yak!
Okawaru is honoured by your kill. The ice encasing you melts away.
The ironbound frostheart calls freezing cold from the walls.
The frost grips you!!
* * * LOW HITPOINT WARNING * * *
You are encased in ice.
The ironbound frostheart calls freezing cold from the walls.
The frost grips you!
* * * LOW HITPOINT WARNING * * *
The ironbound frostheart calls freezing cold from the walls.
The frost grips you!!
You die...

#### ##∆∆∆ ### ##..##
#.##∆∆ ##/##
###....###.ph#∆∆
#.#.###.#.###.#Y.Y.#$)
##.#.##...# #@#..YY..#
####....###.#Yp#
##..##..#.##p##
#...###.## ###
#....#### ##.....# ∆
#...#..# ##..###..# ∆
#..## #.#


You could see a death yak and 2 ironbound frosthearts.

Vanquished Creatures
  A minotaur (Gauntlet)
  A ghost crab (Gauntlet)
  A two-headed ogre (D:10)
  2 boulder beetles
  2 death yaks (IceCv)
  An orange crystal statue (Gauntlet)
  2 ugly things (D:12)
  2 manticores
  An ice statue (IceCv)
  A gargoyle (D:12)
  An unseen horror (D:11)
  2 kobold demonologists (D:11)
  An efreet (D:13)
  A hornet (D:9)
  3 trolls
  6 polar bears (IceCv)
  A slime creature (D:12)
  A water elemental (D:11)
  22 yaks
  Eustachio (D:6)
  A steam dragon (D:8)
  2 vampire mosquitoes (D:10)
  Menkaure (Ossuary)
  4 orc warriors
  An ice beast (D:6)
  2 sky beasts (D:7)
  A black bear (D:7)
  8 wolves (IceCv)
  7 centaurs
  An ogre (D:6)
  7 bullfrogs
  5 kobold brigands
  3 scorpions
  2 necrophages
  A cane toad simulacrum (D:13)
  4 wights (D:7)
  2 howler monkeys (D:10)
  A vampire bat (D:8)
  An electric eel (D:11)
  3 hounds
  3 jellies
  6 orc priests
  Crazy Yiuf (D:7)
  A gnoll bouda (D:4)
  4 iguanas
  7 orc wizards
  2 spriggan simulacra (D:13)
  2 troll simulacra (D:13)
  3 mummies (Ossuary)
  9 gnolls
  10 adders
  3 naga simulacra (D:13)
  3 shadow imps
  2 ufetubi
  3 worms
  5 dart slugs
  44 orcs
  10 endoplasms
  6 giant cockroaches
  6 goblins
  5 hobgoblins
  6 jackals
  29 kobolds
  2 quokkas
  9 ball pythons
  8 bats
  2 frilled lizards
  2 gnoll skeletons (Ossuary)
  2 gnoll zombies (Ossuary)
  3 goblin skeletons (Ossuary)
  A goblin zombie (Ossuary)
  3 hobgoblin skeletons (Ossuary)
  9 hobgoblin zombies (Ossuary)
  5 kobold skeletons (Ossuary)
  4 kobold zombies (Ossuary)
  8 orc skeletons (Ossuary)
  6 orc zombies (Ossuary)
  2 rats
  4 rat skeletons (Ossuary)
  3 rat zombies (Ossuary)
353 creatures vanquished.

Vanquished Creatures (others)
  An orc wizard (D:10)
  14 demonic plants (Gauntlet)
15 creatures vanquished.

Grand Total: 368 creatures vanquished

Notes
Turn   | Place    | Note
-------+----------+-------------------------------------------
     0 | D:1      | karrick the Gnoll Gladiator began the quest for the Orb.
     0 | D:1      | Reached XP level 1. HP: 20/20 MP: 1/1
    45 | D:1      | Reached XP level 2. HP: 26/26 MP: 2/2
   541 | D:1      | Reached XP level 3. HP: 31/31 MP: 2/4
   658 | D:1      | Reached skill level 1 in Invocations
   990 | D:1      | Reached skill level 1 in Short Blades
   990 | D:1      | Reached skill level 1 in Long Blades
   990 | D:1      | Reached skill level 1 in Maces & Flails
   990 | D:1      | Reached skill level 1 in Polearms
   990 | D:1      | Reached skill level 1 in Staves
   990 | D:1      | Reached skill level 1 in Ranged Weapons
   990 | D:1      | Reached skill level 1 in Armour
   990 | D:1      | Reached skill level 1 in Stealth
   990 | D:1      | Reached skill level 1 in Shields
   990 | D:1      | Reached skill level 1 in Unarmed Combat
   990 | D:1      | Reached skill level 1 in Spellcasting
   990 | D:1      | Reached skill level 1 in Evocations
  1108 | D:2      | Reached XP level 4. HP: 33/38 MP: 5/5
  1315 | D:3      | Reached skill level 1 in Conjurations
  1315 | D:3      | Reached skill level 1 in Hexes
  1315 | D:3      | Reached skill level 1 in Summonings
  1315 | D:3      | Reached skill level 1 in Necromancy
  1315 | D:3      | Reached skill level 1 in Translocations
  1315 | D:3      | Reached skill level 1 in Transmutations
  1315 | D:3      | Reached skill level 1 in Fire Magic
  1315 | D:3      | Reached skill level 1 in Ice Magic
  1315 | D:3      | Reached skill level 1 in Air Magic
  1315 | D:3      | Reached skill level 1 in Earth Magic
  1315 | D:3      | Reached skill level 1 in Poison Magic
  1483 | D:3      | Reached XP level 5. HP: 42/43 MP: 7/7
  1960 | D:3      | Found a glowing golden altar of the Shining One.
  1967 | D:3      | Reached XP level 6. HP: 49/50 MP: 8/8
  2581 | D:2      | Reached skill level 5 in Fighting
  2581 | D:2      | Reached skill level 5 in Throwing
  2834 | D:4      | Found Uturchao's Antique Weapon Boutique.
  2924 | D:4      | Found a glowing silver altar of Zin.
  2956 | D:4      | Reached XP level 7. HP: 35/56 MP: 10/10
  3024 | D:4      | Found a sand-covered staircase.
  3089 | Ossuary  | Entered an ossuary
  3445 | Ossuary  | Noticed Menkaure
  3649 | Ossuary  | Killed Menkaure
  4182 | D:4      | Bought a jewelled great sword for 230 gold pieces
  4182 | D:4      | Identified the +10 great sword of the Vendetta {heavy,
                  | rElec Str+4} (You bought it in a shop on level 4 of the
                  | Dungeon)
  4340 | D:5      | Entered Level 5 of the Dungeon
  4434 | D:5      | Found a broken altar of Ashenzari.
  4644 | D:5      | Reached XP level 8. HP: 63/63 MP: 12/12
  4801 | D:5      | Found a transporter.
  4804 | D:5      | Found a transporter.
  4806 | D:5      | Noticed CraigOfTheCreek's ghost (amateur GnRe)
  5081 | D:5      | Found a burning altar of Makhleb.
  5539 | D:6      | Noticed Eustachio
  5546 | D:6      | Killed Eustachio
  6168 | D:7      | Found a shimmering altar of Xom.
  6173 | D:7      | Reached XP level 9. HP: 64/69 MP: 13/15
  6472 | D:7      | Found a staircase to the Ecumenical Temple.
  6580 | Temple   | Entered the Ecumenical Temple
  6735 | Temple   | Became a worshipper of Warmaster Okawaru
  7043 | D:7      | Reached skill level 5 in Invocations
  7394 | D:7      | Found a runed translucent door.
  7395 | D:7      | Noticed Crazy Yiuf
  7442 | D:7      | Found a shimmering blue altar of Sif Muna.
  7590 | D:7      | Killed Crazy Yiuf
  7755 | D:8      | Found a basalt altar of Yredelemnul.
  7765 | D:8      | Reached * piety under Okawaru
  7830 | D:8      | Identified the +1 leather armour of the Wheelwright {rC+++
                  | Int-2 Stlth+}
  8247 | D:9      | Found a sacrificial altar of Ru.
  8297 | D:9      | Noticed a hornet
  8298 | D:9      | Found a staircase to the Lair.
  8308 | D:9      | Killed a hornet
  8415 | D:9      | Found an opulent altar of Gozag.
  8487 | D:9      | Reached skill level 5 in Short Blades
  8487 | D:9      | Reached skill level 5 in Long Blades
  8487 | D:9      | Reached skill level 5 in Maces & Flails
  8487 | D:9      | Reached skill level 5 in Polearms
  8487 | D:9      | Reached skill level 5 in Staves
  8487 | D:9      | Reached skill level 5 in Ranged Weapons
  8487 | D:9      | Reached skill level 5 in Armour
  8487 | D:9      | Reached skill level 5 in Stealth
  8487 | D:9      | Reached skill level 5 in Shields
  8487 | D:9      | Reached skill level 5 in Unarmed Combat
  8487 | D:9      | Reached skill level 5 in Spellcasting
  8487 | D:9      | Reached skill level 5 in Evocations
  8487 | D:9      | Reached XP level 10. HP: 77/77 MP: 17/17
  8517 | D:9      | Found an ornate altar of the Wu Jian Council.
  8919 | D:10     | Entered Level 10 of the Dungeon
  9048 | D:10     | Noticed a two-headed ogre
  9067 | D:10     | Killed a two-headed ogre
  9067 | D:10     | Reached ** piety under Okawaru
  9151 | D:10     | Found a hide-covered altar of Uskayaw.
  9208 | D:10     | Found a shadowy altar of Dithmenos.
  9384 | D:10     | Found a staircase to the Orcish Mines.
 10050 | D:11     | Killed an unseen horror
 10188 | D:11     | Noticed a manticore
 10192 | D:11     | Killed a manticore
 10192 | D:11     | Reached *** piety under Okawaru
 10255 | D:11     | Noticed a boulder beetle
 10259 | D:11     | Killed a boulder beetle
 10259 | D:11     | Reached **** piety under Okawaru
 10260 | D:11     | Reached skill level 5 in Conjurations
 10260 | D:11     | Reached skill level 5 in Hexes
 10260 | D:11     | Reached skill level 5 in Summonings
 10260 | D:11     | Reached skill level 5 in Necromancy
 10260 | D:11     | Reached skill level 5 in Translocations
 10260 | D:11     | Reached skill level 5 in Transmutations
 10260 | D:11     | Reached skill level 5 in Fire Magic
 10260 | D:11     | Reached skill level 5 in Ice Magic
 10260 | D:11     | Reached skill level 5 in Air Magic
 10260 | D:11     | Reached skill level 5 in Earth Magic
 10260 | D:11     | Reached skill level 5 in Poison Magic
 10260 | D:11     | Reached XP level 11. HP: 85/85 MP: 18/20
 10453 | D:11     | Found a portal to a secret trove of treasure.
 10812 | D:12     | Noticed a white ugly thing
 10815 | D:12     | Noticed a manticore
 10816 | D:12     | Killed a white ugly thing
 10816 | D:12     | Reached ***** piety under Okawaru
 10818 | D:12     | Noticed a boulder beetle
 10820 | D:12     | Killed a manticore
 10823 | D:12     | Killed a boulder beetle
 10846 | D:12     | Noticed a purple ugly thing
 10858 | D:12     | Killed a purple ugly thing
 10858 | D:12     | Received a gift from Okawaru
 10864 | D:12     | Found a gate leading to a gauntlet.
 10871 | Gauntlet | Entered a Gauntlet
 10871 | Gauntlet | Found a transporter.
 10871 | Gauntlet | Found a transporter.
 10871 | Gauntlet | Found a transporter.
 10875 | Gauntlet | Found a transporter.
 10881 | Gauntlet | Noticed a catoblepas
 10886 | Gauntlet | Found a transporter.
 10888 | Gauntlet | Found a large runed translucent door.
 10889 | Gauntlet | Found a large runed translucent door.
 10890 | Gauntlet | Found a large runed translucent door.
 10890 | Gauntlet | Found a large runed translucent door.
 10890 | Gauntlet | Found a large runed translucent door.
 10891 | Gauntlet | Found a runed translucent door.
 10892 | Gauntlet | Found a transporter.
 10893 | Gauntlet | Found a runed translucent door.
 10894 | Gauntlet | Found a large runed translucent door.
 10894 | Gauntlet | Found a large runed translucent door.
 10894 | Gauntlet | Found a large runed translucent door.
 10895 | Gauntlet | Found a large runed translucent door.
 10896 | Gauntlet | Found a transporter.
 10896 | Gauntlet | Found a large runed translucent door.
 10896 | Gauntlet | Found a large runed translucent door.
 10897 | Gauntlet | Found a large runed translucent door.
 10897 | Gauntlet | Found a large runed translucent door.
 10898 | Gauntlet | Found a runed translucent gate.
 10898 | Gauntlet | Found a runed translucent gate.
 10902 | Gauntlet | Noticed a death scarab
 10903 | Gauntlet | Found a transporter.
 10915 | Gauntlet | Noticed a ghost crab
 10922 | Gauntlet | Found a transporter.
 10925 | Gauntlet | Found a transporter.
 10953 | Gauntlet | Noticed an orange crystal statue
 10956 | Gauntlet | Found the +16 obsidian axe {drain, Mesm Drain Fly SInv}
 10995 | Gauntlet | Found a transporter.
 11015 | Gauntlet | Found a large runed translucent door.
 11018 | Gauntlet | Found a large runed translucent door.
 11018 | Gauntlet | Found a large runed translucent door.
 11019 | Gauntlet | Found a runed translucent gate.
 11021 | Gauntlet | Found a transporter.
 11110 | Gauntlet | Killed an orange crystal statue
 11113 | Gauntlet | Identified the amulet "Pijuarch" {Regen+ SInv Stlth+}
 11165 | Gauntlet | Killed a ghost crab
 11165 | Gauntlet | Received a gift from Okawaru
 11185 | Gauntlet | Noticed a minotaur
 11194 | Gauntlet | Killed a minotaur
 11434 | D:13     | Found a frozen archway.
 11439 | D:13     | Reached XP level 12. HP: 64/94 MP: 22/22
 11534 | IceCv    | Entered an ice cave
 11660 | IceCv    | Received a gift from Okawaru
 11668 | IceCv    | Reached skill level 10 in Axes
 11668 | IceCv    | Reached skill level 10 in Dodging
 11690 | IceCv    | Noticed a death yak
 11698 | IceCv    | Killed a death yak
 11845 | IceCv    | Noticed a death yak
 11845 | IceCv    | Noticed an ironbound frostheart
 11845 | IceCv    | Noticed a death yak
 11845 | IceCv    | Noticed a death yak
 11845 | IceCv    | Noticed an ironbound frostheart
 11851 | IceCv    | Killed a death yak
 11851 | IceCv    | Killed from afar by an ironbound frostheart

Illustrated notes

Levels and vault maps discovered:
D:1:      dpeg_arrival_rooms_c, layout_loops_corners, minmay_worlds_worst_comb
D:2:      layout_rooms, chequers_arboretum, minmay_misc_feat_more_columns
D:3:      layout_basic, mainiacjoe_overflow_alcove_1
D:4:      layout_loops_cross, kennysheep_mini_moat, serial_shops, shop,
          nicolae_ossuary_entry_false_entrances
D:5:      layout_basic, lemuel_coloured_pillars_altar, evilmike_ruin_ashenzari,
          gammafunk_ghost_hive, hex_intersection, minmay_misc_feat_nine_boxes
D:6:      layout_basic, hangedman_decor_clover_reticule, corexii_checkpoint_a,
          kennysheep_small_square, uniq_eustachio
D:7:      layout_gridville, lemuel_tele_altar,
          mainiacjoe_overflow_concentric_impassable,
          minmay_temple_entry_poolview, uniq_crazy_yiuf_cottage
D:8:      layout_rooms, mainiacjoe_overflow_surrounded_room, serial_aquarium,
          aquarium_bridge_long_separate [aquarium_subvault_balcony,
          aquarium_subvault_bridge, aquarium_subvault_balcony,
          aquarium_subvault_wall, aquarium_subvault_window,
          aquarium_subvault_bridge], aquarium_window_fake,
          aquarium_window_corner, aquarium_window_2, aquarium_view_2d,
          aquarium_balcony_1a, hangedman_abyss_or_decor_stagger,
          roderic_batcave, dk_rats_in_the_wall
D:9:      layout_roguey, mainiacjoe_overflow_brackets, grunt_gozag_breadcrumbs,
          nicolae_ru_great_annihilating_truth, lair_entry_dummy
D:10:     layout_cave_pods, nicolae_uskayaw_dance_hall, kennysheep_little_box,
          orc_0_dummy, minmay_orc_keep
D:11:     layout_irregular_city, enter_trove_3, minmay_door_square,
          dreamdust_wishing_well, kennysheep_cluttered_room
D:12:     layout_layer_cave, gauntlet_entry_generic
D:13:     layout_small_grid, david_vaults_4,
          portal_ice_cave_entry_ice_simulacra, led_xom_imps, uniq_jorgrun
Temple:   compressed_dpeg_circular_temple
IceCv:    ice_cave_caverns_01

Skill      XL: |  1  2  3  4  5  6  7  8  9 10 11 12 |
---------------+-------------------------------------+-----
Invocations    | 1 2 3 4 5 6 7 8 |  8.4
Short Blades   | 1 2 3 4 5 6 7 |  7.7
Long Blades    | 1 2 3 4 5 6 7 |  7.7
Maces & Flails | 1 2 3 4 5 6 7 |  7.7
Polearms       | 1 2 3 4 5 6 7 |  7.7
Staves         | 1 2 3 4 5 6 7 |  7.7
Ranged Weapons | 1 2 3 4 5 6 7 |  7.7
Armour         | 1 2 3 4 5 6 7 |  7.7
Stealth        | 1 2 3 4 5 6 7 |  7.7
Shields        | 1 2 3 4 5 6 7 |  7.7
Unarmed Combat | 1 2 3 4 5 6 7 |  7.7
Spellcasting   | 1 2 3 4 5 6 7 |  7.7
Evocations     | 1 2 3 4 5 6 7 |  7.7
Conjurations   | 1 2 3 4 5 6 |  6.3
Hexes          | 1 2 3 4 5 6 |  6.3
Summonings     | 1 2 3 4 5 6 |  6.3
Necromancy     | 1 2 3 4 5 6 |  6.3
Translocations | 1 2 3 4 5 6 |  6.3
Transmutations | 1 2 3 4 5 6 |  6.3
Fire Magic     | 1 2 3 4 5 6 |  6.3
Ice Magic      | 1 2 3 4 5 6 |  6.3
Air Magic      | 1 2 3 4 5 6 |  6.3
Earth Magic    | 1 2 3 4 5 6 |  6.3
Poison Magic   | 1 2 3 4 5 6 |  6.3
Fighting       | 5 6 7 8 9 |  9.0
Throwing       | 5 6 7 8 9 |  9.0
Axes           | 7 8 9 10 | 10.1
Dodging        | 7 8 9 10 | 10.1

Action                   |  1- 3 |  4- 6 |  7- 9 | 10-12 || total
-------------------------+-------+-------+-------+-------++-------
Melee: War axe           |    77 |    77 |   117 |       ||   271
       Bite              |     6 |     9 |    24 |    22 ||    61
       Punch             |       |     3 |       |       ||     3
       Hand axe          |       |    43 |       |       ||    43
       Great sword       |       |       |   144 |   214 ||   358
Invok: Heroism           |       |       |       |     8 ||     8
  Use: Potion            |       |     2 |     2 |     3 ||     7
       Scroll            |       |     5 |     5 |     8 ||    18
 Stab: Sleeping          |     2 |     3 |    16 |     9 ||    30
       Invisible         |       |       |     1 |       ||     1
       Paralysed         |       |       |     1 |       ||     1
       Distracted        |       |       |       |     2 ||     2
Armor: Leather armour    |    27 |    25 |    57 |    20 ||   129
       Troll leather arm |       |       |       |   130 ||   130
Dodge: Dodged            |    61 |   110 |   325 |   577 ||  1073

Table legend: (Time is in decaauts)
 A = Elapsed time spent in this place.
 B = Non-inter-level travel time spent in this place.
 C = Inter-level travel time spent in this place.
 D = Time resting spent in this place.
 E = Time spent auto-exploring this place.
 F = Levels seen in this place.
 G = Mean time per level.
                   A        B        C        D        E       F      G
               +--------+--------+--------+--------+--------+-----+--------+
         Total |  12310 |  11697 |    613 |    343 |   8208 |  17 |  724.1 |
       Dungeon |  10813 |  10208 |    605 |    343 |   7579 |  13 |  831.8 |
        Temple |    164 |    156 |      8 |      0 |    125 |   1 |  164.0 |
       Ossuary |    616 |    616 |      0 |      0 |    322 |   1 |  616.0 |
      Ice Cave |    381 |    381 |      0 |      0 |    182 |   1 |  381.0 |
      Gauntlet |    334 |    334 |      0 |      0 |      0 |   1 |  334.0 |
               +--------+--------+--------+--------+--------+-----+--------+

Top non-repeatable levels by time:
     D:7: 1354 daAuts
     D:3: 1197 daAuts
    D:10: 1082 daAuts
     D:1: 1050 daAuts
     D:6: 967 daAuts
    D:11: 939 daAuts
     D:5: 922 daAuts
     D:4: 811 daAuts
     D:2: 730 daAuts
     D:9: 713 daAuts
     D:8: 629 daAuts
 Ossuary: 616 daAuts
   IceCv: 381 daAuts
Gauntlet: 334 daAuts
    D:12: 231 daAuts
